 Dungeon Crawl Stone Soup version 0.26-a0-547-g695e311587 (webtiles) character file.

Game seed: 10869217090540639891

580 Aksej the Chopper (level 7, -2/52 HPs)
             Began as a Demonspawn Gladiator on Aug 20, 2020.
             Slain by a sky beast (5 damage)
             ... on level 4 of the Dungeon.
             The game lasted 00:08:37 (3539 turns).

Aksej the Chopper (Demonspawn Gladiator)            Turns: 3539, Time: 00:08:37

Health: -2/52      AC:  9    Str: 14    XL:     7   Next: 13%
Magic:  16/16      EV:  7    Int:  9    God:
Gold:   120        SH:  0    Dex: 17    Spells: 6/6 levels left

rFire    . . .     SeeInvis .   a - +1 war axe
rCold    . . .     Faith    .   (no shield)
rNeg     . . .     Spirit   .   g - +0 chain mail
rPois    .         Reflect  .   c - +0 helmet
rElec    .         Harm     .   (no cloak)
rCorr    .                      (no gloves)
MR       .....                  (no boots)
Stlth    ..........             (no amulet)
HPRegen  0.17/turn              l - ring of magical power
MPRegen  0.15/turn              (no ring)

@: no status effects
A: hooves 2
a: no special abilities


You were on level 4 of the Dungeon.
You visited 1 branch of the dungeon, and saw 4 of its levels.

You collected 120 gold pieces.

Inventory:

Hand Weapons
 a - a +1 war axe (weapon)
 b - a +2 whip of flaming
Missiles
 d - 2 throwing nets (quivered)
 k - 8 boomerangs
Armour
 c - a +0 helmet (worn)
 g - a +0 chain mail (worn)
Jewellery
 h - an uncursed ring of ice
 l - a ring of magical power (left hand)
 m - an uncursed ring of flight
Wands
 j - a wand of enslavement (8)
Scrolls
 o - a scroll of identify
Potions
 e - a potion of berserk rage
 f - a potion of curing
 i - 2 potions of lignification


   Skills:
 * Level 3.4 Fighting
 * Level 6.5 Axes
 + Level 1.9 Throwing
 + Level 1.7 Armour
 + Level 3.0 Dodging


You had 6 spell levels left.
You didn't know any spells.
Your spell library was empty.

Dungeon Overview and Level Annotations

Branches:
Dungeon (4/15)
 Temple: D:4-7

Altars:
Ashenzari
Okawaru
Xom


Innate Abilities, Weirdness & Mutations

You have hoof-like feet.


Message History

The iguana bites you but does no damage.
The sky beast hits you but does no damage.
You slash the sky beast! You kick the sky beast!
The sky beast is almost dead.
You closely miss the iguana. The iguana bites you!
The sky beast hits you but does no damage.
Your chain mail prevents you from hitting the sky beast.
Your kick misses the sky beast.
The sky beast is almost dead.
You hit the iguana but do no damage. The iguana bites you.
The sky beast hits you.
* * * LOW HITPOINT WARNING * * *
The sky beast shocks you.
* * * LOW HITPOINT WARNING * * *
You feel better. The iguana bites you!
* * * LOW HITPOINT WARNING * * *
The sky beast hits you.
* * * LOW HITPOINT WARNING * * *
The sky beast shocks you.
You die...

####
#########...#
####............
................
#.....#†#Y....>.
#......<@..#
#.....#l#..#
#..#.......# .
.........#
......#####
#...### #<.. ..


You could see a sky beast and an iguana.

Vanquished Creatures
  The ghost of feta the Covered, an amateur BaFi of Makhleb (D:3)
  2 big kobolds (D:3)
  An orc priest (D:3)
  Jessica (D:2)
  Natasha (thrice) (D:2)
  5 adders (D:2)
  6 oozes
  A dart slug (D:3)
  A leopard gecko (D:4)
  2 orcs (D:3)
  8 bats
  13 giant cockroaches
  12 goblins
  8 hobgoblins
  6 jackals (D:1)
  18 kobolds
  3 quokkas
  4 ball pythons
  3 frilled lizards
  16 rats
114 creatures vanquished.

Vanquished Creatures (others)
  3 fungi (D:3)
  A plant (D:3)
4 creatures vanquished.

Grand Total: 118 creatures vanquished

Notes
Turn   | Place    | Note
-------+----------+-------------------------------------------
     0 | D:1      | Aksej the Demonspawn Gladiator began the quest for the Orb.
     0 | D:1      | Reached XP level 1. HP: 16/16 MP: 1/1
     1 | D:1      | Found a runed translucent door.
    16 | D:1      | Reached skill level 3 in Axes
    17 | D:1      | Gained mutation: You have large cloven feet. [demonic
                  | ancestry]
    17 | D:1      | Reached XP level 2. HP: 20/22 MP: 2/2
    40 | D:1      | Reached XP level 3. HP: 19/27 MP: 3/3
   335 | D:1      | Found a shattered altar of Ashenzari.
   661 | D:1      | Reached skill level 4 in Axes
   699 | D:1      | Reached XP level 4. HP: 29/34 MP: 4/4
  1872 | D:2      | Found a shimmering altar of Xom.
  1874 | D:2      | Noticed Jessica
  1875 | D:2      | Found a shimmering altar of Xom.
  1879 | D:2      | Killed Jessica
  1879 | D:2      | Gained mutation: You have hoof-like feet. [demonic
                  | ancestry]
  1879 | D:2      | Reached XP level 5. HP: 36/39 MP: 5/5
  1956 | D:2      | Found a shimmering altar of Xom.
  1962 | D:2      | Found a shimmering altar of Xom.
  1962 | D:2      | Found a shimmering altar of Xom.
  1963 | D:2      | Found a shimmering altar of Xom.
  2181 | D:2      | Noticed Natasha
  2189 | D:2      | Killed Natasha
  2189 | D:2      | Reached skill level 5 in Axes
  2348 | D:2      | Noticed Natasha
  2357 | D:2      | Killed Natasha
  2481 | D:2      | Found a shimmering altar of Xom.
  2522 | D:2      | Found an iron altar of Okawaru.
  2605 | D:2      | Noticed Natasha
  2611 | D:2      | Killed Natasha
  2852 | D:3      | Reached skill level 1 in Armour
  2940 | D:3      | Found a runed translucent gate.
  2940 | D:3      | Found a runed translucent gate.
  2942 | D:3      | Found a runed translucent gate.
  2950 | D:3      | Noticed feta's ghost (amateur BaFi)
  3127 | D:3      | Reached XP level 6. HP: 46/46 MP: 6/6
  3287 | D:3      | Killed feta's ghost
  3287 | D:3      | Reached skill level 6 in Axes
  3295 | D:3      | Reached XP level 7. HP: 52/52 MP: 7/7
  3539 | D:4      | Slain by a sky beast

Illustrated notes

Levels and vault maps discovered:
D:1:      dpeg_arrival_caged_fury, layout_basic, nicolae_ashenzari_panopticon
D:2:      layout_basic, xom_redecorated, overflow_temple_1_default,
          dk_vineyard_3, uniq_natasha, uniq_jessica
D:3:      layout_basic, gammafunk_ghost_nasty_kobolds
D:4:      minmay_razor_zed, layout_loops_ring,
          grunt_temple_overflow_forces_of_nature,
          minmay_temple_entry_stoned_glass, st_stairs_14, minmay_shop_damaged,
          nicolae_dithmenos_through_a_glass_darkly

Skill      XL: |  1  2  3  4  5  6 |
---------------+-------------------+-----
Axes           | 3 4 5 6 |  6.5
Dodging        | 3 |  3.0
Armour         | 1 |  1.7
Fighting       | 3 |  3.4
Throwing       | |  1.9

Action                   |  1- 3 |  4- 6 |  7- 9 || total
-------------------------+-------+-------+-------++-------
Melee: War axe           |    89 |   162 |    21 ||   272
       Kick              |    13 |    38 |     5 ||    56
Throw: Throwing net      |       |     1 |       ||     1
  Use: Potion            |       |     8 |     3 ||    11
       Scroll            |       |     8 |     1 ||     9
Armor: Leather armour    |    27 |       |       ||    27
       Chain mail        |    18 |    81 |    19 ||   118
Dodge: Dodged            |    69 |    45 |     6 ||   120

Table legend: (Time is in decaauts)
 A = Elapsed time spent in this place.
 B = Non-inter-level travel time spent in this place.
 C = Inter-level travel time spent in this place.
 D = Time resting spent in this place.
 E = Time spent auto-exploring this place.
 F = Levels seen in this place.
 G = Mean time per level.
                   A        B        C        D        E       F      G
               +--------+--------+--------+--------+--------+-----+--------+
         Total |   3605 |   3555 |     50 |    150 |   2711 |   4 |  901.2 |
       Dungeon |   3605 |   3555 |     50 |    150 |   2711 |   4 |  901.2 |
               +--------+--------+--------+--------+--------+-----+--------+

Top non-repeatable levels by time:
     D:1: 1626 daAuts
     D:2: 1139 daAuts
     D:3: 827 daAuts
     D:4: 11 daAuts
